 Dungeon Crawl Stone Soup version 0.16-a0-3458-g6d2551d (webtiles) character file.

116 NewYearsCrawler the Shield-Bearer (level 5, -3/41 HPs)
             Began as a Formicid Fighter on Jan 2, 2015.
             Killed from afar by an orc wizard (4 damage)
             ... with a puff of flame
             ... on level 3 of the Dungeon.
             The game lasted 00:02:54 (1191 turns).

NewYearsCrawler the Shield-Bearer (FoFi)            Turns: 1191, Time: 00:02:54

Health: -3/41      AC:  9    Str: 22    XL:     5   Next: 21%
Magic:  7/7        EV:  8    Int:  7    God:
Gold:   96         SH: 10    Dex: 10    Spells: 0 memorised, 4 levels left

rFire  + . .     SeeInvis +     a - +0 war axe
rCold  . . .     Clarity  .     b - +0 scale mail
rNeg   . . .     SustAb   .     c - +0 shield
rPois  .         Gourm    .     (helmet unavailable)
rElec  .         Spirit   .     q - +1 cloak
rCorr  .         Warding  .     (no gloves)
rMut   .         Stasis   +     (no boots)
MR     .....                    (no amulet)
Stlth  ..........               (no ring)
                                x - ring of protection from fire

@: not resistant to hostile enchantments, extremely unstealthy
A: permanent stasis, dig shafts and tunnels, four strong arms, antennae 3
a: Dig, Shaft Self


You were on level 3 of the Dungeon.
You were not hungry.

You visited 1 branch of the dungeon, and saw 3 of its levels.

You collected 96 gold pieces.

Inventory:

Hand weapons
 a - a +0 war axe (weapon)
Armour
 b - a +0 scale mail (worn)
 c - a +0 shield (worn)
 q - a +1 cloak (worn)
 s - a +0 large shield
Jewellery
 x - a ring of protection from fire (left hand)
Magical devices
 v - a wand of confusion (25)
Scrolls
 f - a scroll of noise {unknown}
 j - a scroll of teleportation {unknown}
 k - 2 scrolls of remove curse {unknown}
 n - 4 scrolls of identify {unknown}
 p - a scroll of enchant armour {unknown}
 t - a scroll of recharging {unknown}
 u - 2 scrolls of blinking {unknown}
Potions
 e - 3 potions of might
 l - a potion of resistance
 w - a potion of curing
Comestibles
 d - 2 bread rations
 g - 2 beef jerkies
 h - a meat ration
 i - 2 royal jellies
 m - a slice of pizza
 o - 3 chunks of flesh


   Skills:
 - Level 3.2 Fighting
 + Level 4.3 Axes
 - Level 3.2 Armour
 + Level 4.6 Shields


You had 4 spell levels left.
You didn't know any spells.

Dungeon Overview and Level Annotations

Branches:
Dungeon (3/15)

Altars:
Elyvilon


Innate Abilities, Weirdness & Mutations

You are under a permanent stasis effect.
You can dig through walls and to a lower floor.
Your four strong arms can wield two-handed weapons with a shield.
You have a pair of large antennae on your head (SInv).


Message History

The orc priest is almost dead.
You block the orc priest's attack.
You slash the orc priest!
You kill the orc priest!
You have reached level 5!
The orc wizard gestures at you while chanting.
You block the puff of flame.
You completely miss the orc wizard.
The orc wizard hits you but does no damage.
You slash the orc wizard!
The orc wizard is heavily wounded.
The orc wizard gestures at you while chanting.
The puff of flame hits you! You resist.
* * * LOW HITPOINT WARNING * * *
You hit the orc wizard.
The orc wizard is severely wounded.
The orc wizard hits you but does no damage.
The orc wizard casts a spell at you. The puff of flame hits you! You resist.
You die...

#...# #........# #...#
#........# #...#
#....)...# ##.###
#........#
#...#######.....o..#
#..........)####....#
#....######.o..##...#
#....### ####o...# #
#..#...# ####@#.#....#
#..###.###............
#..###...)...###.###..
##...##.)##..## ....
#............#..#.#..#
#..............# .#.
#.....#####..#..# #
#.....# ...##....
##..)#.###..#..###.#


You could see an orc wizard (invisible).

Vanquished Creatures
  An orc priest (D:3)
  Terence (D:3)
  3 adders
  A worm (D:3)
  A giant gecko (D:2)
  4 orcs (D:3)
  3 giant cockroaches
  5 hobgoblins
  4 bats
  4 giant newts
  A goblin (D:1)
  3 kobolds
  4 rats
35 creatures vanquished.

Notes
Turn   | Place    | Note
--------------------------------------------------------------
     0 | D:1      | NewYearsCrawler, the Formicid Fighter, began the quest for the Orb.
     0 | D:1      | Reached XP level 1. HP: 18/18 MP: 1/1
    86 | D:1      | Reached XP level 2. HP: 17/24 MP: 3/3
   545 | D:2      | Reached XP level 3. HP: 21/29 MP: 4/4
   546 | D:2      | Found a white marble altar of Elyvilon.
  1069 | D:3      | Reached XP level 4. HP: 35/35 MP: 5/5
  1070 | D:3      | Noticed Terence
  1090 | D:3      | Killed Terence
  1090 | D:3      | Reached skill level 4 in Axes
  1188 | D:3      | Reached XP level 5. HP: 2/41 MP: 7/7
  1190 | D:3      | HP: 1/41 [orc wizard/puff of flame (2)]
  1191 | D:3      | Killed from afar by an orc wizard

Action                   |  1- 3 |  4- 6 || total
-------------------------+-------+-------++-------
Melee: War axe           |    80 |    41 ||   121
 Abil: Dig               |       |     1 ||     1
  Use: Potion            |       |     5 ||     5
  Eat: Chunk             |     1 |       ||     1
